 Dungeon Crawl Stone Soup version 0.23.2-40-g277498a (webtiles) character file.

Game seed: 9808419672985580074

7563 Fondut the Spear-Bearer (level 11, 0/104 HPs)
             Began as a Naga Fighter on Oct 8, 2019.
             Was an Elder of Cheibriados.
             Slain by an orc warrior
             ... wielding a +0 glaive
              (11 damage)
             ... on level 10 of the Dungeon.
             The game lasted 00:23:33 (11895 turns).

Fondut the Spear-Bearer (Naga Fighter)             Turns: 11895, Time: 00:23:33

Health: 0/104      AC: 18    Str: 32    XL:     11   Next: 17%
Magic:  16/16      EV:  2    Int: 22    God:    Cheibriados [****..]
Gold:   796        SH: 11    Dex: 19    Spells: 6/10 levels left

rFire    + + .     SeeInvis +   a - +1 trident
rCold    + . .     Gourm    .   c - +0 shield
rNeg     . . .     Faith    .   w - +3 gold dragon scales
rPois    +         Spirit   .   t - +0 helmet
rElec    .         Reflect  .   o - +0 cloak
rCorr    .         Harm     .   (no gloves)
MR       +....                  (no barding)
Stlth    ..........             (no amulet)
HPRegen  0.27/turn              D - ring of protection from fire
MPRegen  0.15/turn              I - ring of flight

@: mighty, very slow
A: large, see invisible, deformed body, poison resistance, slowness 2, slow
metabolism 1, spit poison 1, AC +3
a: Spit Poison, Bend Time, Temporal Distortion, Slouch, Renounce Religion, Evoke
Flight


You were on level 10 of the Dungeon.
You worshipped Cheibriados.
Cheibriados was greatly pleased with you.
You were not hungry.

You visited 2 branches of the dungeon, and saw 11 of its levels.
You also visited: Sewer.

You collected 796 gold pieces.

Inventory:

Hand Weapons
 a - a +1 trident (weapon)
 b - a +0 hunting sling
Missiles
 f - 270 stones (quivered)
 g - 34 sling bullets
Armour
 c - a +0 shield (worn)
 i - a +0 plate armour
 l - a +0 scale mail
 o - a +0 cloak (worn)
 t - a +0 helmet (worn)
 w - +3 gold dragon scales (worn)
Jewellery
 B - a cursed ring of attention {unknown}
 D - a ring of protection from fire (left hand)
 I - a ring of flight (right hand)
Wands
 m - a wand of flame (31)
 E - a wand of disintegration (6)
 H - a wand of paralysis (3)
Scrolls
 k - 8 scrolls of identify
 q - 5 scrolls of teleportation
 r - 3 scrolls of remove curse
 s - 3 scrolls of magic mapping
 x - 2 scrolls of amnesia
 y - a scroll of fog
Potions
 h - a potion of experience {unknown}
 j - a potion of curing
 n - 3 potions of lignification
 p - a potion of agility {unknown}
 u - 2 potions of degeneration {unknown}
 v - 2 potions of magic
 z - 3 potions of heal wounds {unknown}
 A - 2 potions of flight {unknown}
 C - a potion of brilliance {unknown}
 F - a potion of resistance {unknown}
Comestibles
 e - 25 rations


   Skills:
 + Level 8.4 Fighting
 * Level 11.1 Polearms
 + Level 5.9 Armour
 - Level 4.2 Shields
 + Level 7.3 Invocations


You had 6 spell levels left.
You knew the following spells:

 Your Spells              Type           Power        Failure   Level  Hunger
a - Summon Lightning Spi  Summ/Air       #.......     100%        4    #####..

Your spell library contained the following spells:

 Spells                   Type           Power        Failure   Level  Hunger
 Confusing Touch          Hex            #.....       100%        1    ##.....
 Summon Small Mammal      Summ           #...         100%        1    ##.....
 Call Imp                 Summ           #.......     100%        2    ###....
 Call Canine Familiar     Summ           #.......     100%        3    ####...
 Confuse                  Hex            #.......     100%        3    ####...
 Gell's Gravitas          Tloc           #.........   100%        3    ####...
 Summon Guardian Golem    Hex/Summ       #.......     100%        3    ####...
 Petrify                  Tmut/Erth      #.......     100%        4    #####..
 Summon Ice Beast         Ice/Summ       #.......     100%        4    #####..
 Metabolic Englaciation   Hex/Ice        #.........   100%        5    ######.
 Yara's Violent Unravell  Hex/Tmut       #.........   100%        5    ######.


Dungeon Overview and Level Annotations

Branches:
Dungeon (10/15)            Temple (1/1) D:4
   Lair: D:8-11         Orc: D:9-12

Altars:
Ashenzari
Cheibriados
Dithmenos
Elyvilon
Fedhas
Gozag
Hepliaklqana
Kikubaaqudgha
Makhleb
Nemelex Xobeh
Okawaru
Qazlal
Ru
Sif Muna
Vehumet
Xom
Yredelemnul
Zin
The Shining One

Shops:
D:4 :


Innate Abilities, Weirdness & Mutations

You cannot wear boots.
Your serpentine skin is tough. (AC +3)
You have supernaturally acute eyesight. (SInv)
Armour fits poorly on your strangely shaped body.
Your system is resistant to poisons. (rPois)
You cover ground very slowly.
You have a slow metabolism.
You can spit poison.


Message History

The orc warrior hits you with a +0 glaive!
* * * LOW HITPOINT WARNING * * *
You hit the orc warrior but do no damage.
The orc warrior is lightly wounded.
You hit the orc warrior but do no damage.
The orc warrior is lightly wounded.
You block the orc warrior's attack.
It was a potion of curing.
You feel better.
The orc warrior hits you with a +0 glaive!
* * * LOW HITPOINT WARNING * * *
You feel very mighty all of a sudden.
The orc warrior looks more healthy.
You hit the orc warrior.
The orc warrior is moderately wounded.
You have got your breath back.
The orc warrior hits you but does no damage.
You puncture the orc warrior!
The orc warrior is heavily wounded.
The orc warrior hits you with a +0 glaive!
You die...

######≈....###.##
#≈..#......#
#≈..#......#
#≈..#......#
#≈.##......###
###+###≈.####.##....
#.....'..# #. #.###
#.....'..# #. #..##
###@###≈.# #. ##..#
#$.o..#≈.# <. #.#
#.....#≈.# .# #..
#.....#≈.# . ####..
#$.$.)#≈.# #.....
#######≈.. ....###.
..# #. # ## #.


You could see an orc warrior.

Vanquished Creatures
  2 two-headed ogres (D:10)
  An ugly thing (D:8)
  2 trolls
  A hippogriff (D:8)
  A spriggan (D:7)
  2 wyverns
  3 yaks (D:10)
  A hungry ghost (D:7)
  Menkaure (D:7)
  2 wargs (D:10)
  A water moccasin (D:10)
  4 ice beasts
  2 sky beasts (D:6)
  2 phantoms
  2 orc warriors
  4 centaurs
  4 ogres
  A wyvern zombie (D:7)
  5 bullfrogs
  A water moccasin skeleton (D:6)
  4 scorpions
  A jelly (D:5)
  10 killer bees
  A howler monkey (D:7)
  5 crimson imps
  A bullfrog zombie (D:8)
  5 hounds
  A bullfrog skeleton (D:4)
  2 orc priests (D:6)
  6 orc wizards
  Jessica (D:2)
  5 iguanas
  4 worker ants
  A hound skeleton (D:5)
  3 worker ant zombies
  A river rat (D:4)
  7 adders
  4 gnolls (D:2)
  4 oozes
  An adder zombie (D:8)
  5 adder skeletons
  3 worms
  2 dart slugs
  6 leopard geckos
  24 orcs
  8 ball pythons
  5 bats
  2 giant cockroaches
  5 goblins
  7 hobgoblins
  16 jackals
  3 quokkas
  A ball python zombie (D:5)
  9 frilled lizards
  A jackal zombie (D:6)
  11 kobolds
  7 rats
224 creatures vanquished.

Notes
Turn   | Place    | Note
-------+----------+-------------------------------------------
     0 | D:1      | Fondut the Naga Fighter began the quest for the Orb.
     0 | D:1      | Reached XP level 1. HP: 21/21 MP: 1/1
   205 | D:1      | Reached XP level 2. HP: 28/28 MP: 2/2
   795 | D:2      | Reached XP level 3. HP: 34/34 MP: 3/3
   989 | D:2      | Reached skill level 3 in Polearms
  1083 | D:2      | Noticed a bullfrog
  1092 | D:2      | Killed a bullfrog
  1092 | D:2      | Reached XP level 4. HP: 24/43 MP: 4/4
  1260 | D:2      | Reached XP level 5. HP: 50/50 MP: 5/5
  1348 | D:2      | Reached skill level 4 in Polearms
  1471 | D:2      | Noticed Jessica
  1476 | D:2      | Killed Jessica
  2037 | D:3      | Reached XP level 6. HP: 55/57 MP: 6/6
  2879 | D:4      | Reached skill level 5 in Polearms
  2929 | D:4      | Found a glowing drain.
  2944 | Sewer    | Entered a sewer
  3552 | D:4      | Reached XP level 7. HP: 55/66 MP: 7/7
  4069 | D:4      | Found a staircase to the Ecumenical Temple.
  4078 | D:4      | Found Tuzal's Book Boutique.
  4083 | Temple   | Entered the Ecumenical Temple
  4181 | Temple   | Became a worshipper of Cheibriados the Contemplative
  4502 | D:4      | Reached skill level 6 in Polearms
  4751 | D:4      | Got a faintly glowing dagger
  4752 | D:4      | Identified the +3 dagger of the Boiling Point {speed, rC+
                  | Str+2} (You found it on level 4 of the Dungeon)
  4840 | D:5      | Entered Level 5 of the Dungeon
  4890 | D:5      | Reached skill level 5 in Fighting
  4890 | D:5      | Reached skill level 1 in Invocations
  5101 | D:5      | Reached XP level 8. HP: 10/74 MP: 7/9
  5575 | D:5      | Reached * piety under Cheibriados
  5976 | D:6      | Reached skill level 7 in Polearms
  6420 | D:6      | Reached ** piety under Cheibriados
  6423 | D:6      | Found an opulent altar of Gozag.
  6773 | D:6      | Found a burning altar of Makhleb.
  6967 | D:7      | Learned a level 4 spell: Summon Lightning Spire
  6977 | D:7      | Noticed Menkaure
  6992 | D:7      | Killed Menkaure
  6992 | D:7      | Reached XP level 9. HP: 46/82 MP: 11/11
  7315 | D:7      | Reached skill level 8 in Polearms
  8674 | D:8      | Reached skill level 9 in Polearms
  8674 | D:8      | Reached skill level 5 in Invocations
  8677 | D:8      | Reached *** piety under Cheibriados
  9175 | D:8      | Reached XP level 10. HP: 91/94 MP: 12/14
  9430 | D:8      | Noticed a white ugly thing
  9439 | D:8      | Killed a white ugly thing
  9970 | D:9      | Reached **** piety under Cheibriados
 10055 | D:9      | Reached skill level 5 in Armour
 10267 | D:9      | Reached skill level 10 in Polearms
 10894 | D:10     | Entered Level 10 of the Dungeon
 10971 | D:10     | Noticed a two-headed ogre
 10981 | D:10     | Killed a two-headed ogre
 11394 | D:10     | Noticed a two-headed ogre
 11401 | D:10     | Killed a two-headed ogre
 11401 | D:10     | Reached XP level 11. HP: 52/103 MP: 10/16
 11615 | D:10     | Reached skill level 11 in Polearms
 11895 | D:10     | Slain by an orc warrior

Skill      XL: |  1  2  3  4  5  6  7  8  9 10 11 |
---------------+----------------------------------+-----
Polearms       | 3 4 5 6 7 9 10 11 | 11.1
Shields        | 3 4 |  4.2
Fighting       | 4 5 6 7 8 |  8.4
Invocations    | 1 3 5 7 |  7.3
Armour         | 3 4 5 |  5.9

Action                   |  1- 3 |  4- 6 |  7- 9 | 10-12 || total
-------------------------+-------+-------+-------+-------++-------
Melee: Trident           |    84 |   252 |   477 |   298 ||  1111
Throw: Stone             |       |     2 |       |       ||     2
Invok: Bend Time         |       |       |     1 |       ||     1
       Temporal Distorti |       |       |     1 |       ||     1
       Slouch            |       |       |       |     2 ||     2
 Abil: Spit Poison       |     2 |    20 |    39 |    17 ||    78
Evoke: Wand              |       |       |    21 |       ||    21
  Use: Scroll            |       |       |    16 |       ||    16
       Potion            |       |       |     4 |     2 ||     6
  Eat: Chunk             |       |     8 |    20 |     7 ||    35
       Ration            |       |       |     1 |       ||     1
Armor: Scale mail        |    23 |   115 |     2 |       ||   140
       Plate armour      |       |       |    40 |       ||    40
       Gold dragon scale |       |       |   288 |   177 ||   465
       Skin              |       |       |    72 |       ||    72
Dodge: Dodged            |     9 |    47 |    17 |    12 ||    85
Block: Shield            |    31 |   102 |   273 |   194 ||   600
